 Dungeon Crawl Stone Soup version 0.17-a0-1738-g82cdc46 (webtiles) character file.

113 TuckyLangle the Changer (level 4, 0/21 HPs)
             Began as a Vine Stalker Transmuter on Aug 30, 2015.
             Slain by TuckyLangle's ghost (6 damage)
             ... on level 3 of the Dungeon.
             The game lasted 00:05:16 (1735 turns).

TuckyLangle the Changer (Vine Stalker Transmuter)   Turns: 1735, Time: 00:05:16

Health: 0/21       AC:  4    Str: 13    XL:     4   Next: 96%
Magic:  0/8        EV: 12    Int: 13    God:
Gold:   68         SH:  0    Dex: 15    Spells: 1 memorised, 6 levels left

rFire  . . .     SeeInvis .     l - +1 spear (freeze)
rCold  . . .     Clarity  .     b - +0 robe
rNeg   . . .     SustAt   .     (no shield)
rPois  .         Gourm    .     j - +2 hat
rElec  .         Spirit   +     (no cloak)
rCorr  .         Warding  .     (no gloves)
rMut   .         Stasis   .     (no boots)
MR     .....                    (no amulet)
Stlth  +.........               (no ring)
                                (no ring)

@: not resistant to hostile enchantments, very unstealthy
A: fangs 2, regeneration 1, magic shield, antimagic bite, no device heal 3, rot
immunity
a: no special abilities


You were on level 3 of the Dungeon.
You were not hungry.

You visited 1 branch of the dungeon, and saw 3 of its levels.

You collected 68 gold pieces.

Inventory:

Hand weapons
 l - a +1 spear of freezing (weapon)
Missiles
 a - 22 arrows
 q - 7 arrows of flame
Armour
 b - a +0 robe (worn)
 j - a +2 hat (worn)
Scrolls
 f - 3 scrolls of identify
 k - a scroll of random uselessness {unknown}
 m - a scroll of blinking {unknown}
 n - a scroll of recharging {unknown}
 o - a scroll of remove curse {unknown}
Potions
 e - 4 potions of curing
 g - a potion of might {unknown}
 i - a potion of cancellation {unknown}
 r - 2 potions of heal wounds {unknown}
 s - a potion of haste {unknown}
Books
 c - a book of Changes

   Spells                             Type                      Level
   a - Beastly Appendage              Transmutation                1
   b - Sticks to Snakes               Transmutation                2
   c - Spider Form                    Transmutation/Poison         3
   d - Ice Form                       Ice/Transmutation            4
   e - Blade Hands                    Transmutation                5
Comestibles
 d - 3 bread rations
 h - a slice of pizza
 p - 2 meat rations


   Skills:
 - Level 0.8 Fighting
 - Level 1.5 Dodging
 - Level 3.0 Unarmed Combat
 - Level 2.1 Spellcasting
 * Level 4.9 Transmutations


You had 6 spell levels left.
You knew the following spells:

 Your Spells              Type           Power        Failure   Level  Hunger
a - Beastly Appendage     Trmt           ##....       4%          1    ##.....


Dungeon Overview and Level Annotations

Branches:
Dungeon (3/15)

Altars:

Annotations:
D:3 TuckyLangle's ghost, weakling CeHu


Innate Abilities, Weirdness & Mutations

You have extremely sharp teeth.
Your natural rate of healing is unusually fast.
When hurt, damage is shared between your health and your magic reserves.
Your bite disrupts and absorbs the magic of your enemies.
Potions and wands cannot restore your health.
You are immune to rotting.


Message History

TuckyLangle's ghost is heavily damaged.
TuckyLangle's ghost hits you but does no damage.
The goblin hits you with a club.
You hit the goblin. You freeze the goblin.
The goblin is moderately wounded.
TuckyLangle's ghost closely misses you. The goblin misses you.
You closely miss the goblin.
The goblin is moderately wounded.
TuckyLangle's ghost hits you.
* * * LOW HITPOINT WARNING * * *
TuckyLangle's ghost burns you. The goblin hits you but does no damage.
TuckyLangle's ghost misses you. TuckyLangle's ghost barely misses you.
TuckyLangle's ghost barely misses you. TuckyLangle's ghost hits you.
TuckyLangle's ghost burns you.
* * * LOW HITPOINT WARNING * * *
TuckyLangle's ghost stares at you. TuckyLangle's ghost closely misses you.
TuckyLangle's ghost hits you.
You die...

#.#.#.###..#.#.#..#.........#
#.....# #...........>.......+
#.....# ##.#.#.#..#.........#
.....# #.#.#.#).##.......###
.....# #.#.#.#..##.........#
#.#.#.#..##.......#.#
#.#.#.#..#####...##.##
#.#.#.#........#.#....
#.#.#@##.#######.#....
..#.#W# ........<#....
#.############....
#.g...............
###########.....##
#.......... #.#......## #
#......# ##.....#


You could see TuckyLangle's ghost and a goblin.

Vanquished Creatures
  An orc wizard (D:3)
  3 adders (D:2)
  3 oozes
  A worm (D:2)
  2 giant geckos (D:2)
  3 orcs (D:3)
  A giant cockroach (D:2)
  7 goblins
  7 hobgoblins
  3 jackals (D:2)
  4 kobolds (D:2)
  6 bats
  A giant newt (D:2)
  4 rats
46 creatures vanquished.

Notes
Turn   | Place    | Note
--------------------------------------------------------------
     0 | D:1      | TuckyLangle the Vine Stalker Transmuter began the quest for the Orb.
     0 | D:1      | Reached XP level 1. HP: 9/9 MP: 4/4
   212 | D:1      | Reached XP level 2. HP: 10/14 MP: 4/6
   719 | D:2      | Reached XP level 3. HP: 13/17 MP: 7/7
   967 | D:2      | Reached skill level 4 in Transmutations
  1001 | D:2      | Found a faded altar to an unknown god.
  1022 | D:2      | Reached XP level 4. HP: 21/21 MP: 8/8
  1709 | D:3      | Noticed TuckyLangle's ghost (weakling CeHu)
  1735 | D:3      | Slain by TuckyLangle's ghost

Vault maps used:
D:1:      sevenhm_arrival_forest_fort_small_5
D:2:      ecumenical_altar_1
D:3:      fiery_altar_vehumet, first_bread

Action                   |  1- 3 |  4- 6 || total
-------------------------+-------+-------++-------
Melee: Unarmed           |   138 |    11 ||   149
       Spear             |       |    52 ||    52
  Use: Scroll            |     2 |       ||     2
 Stab: Sleeping          |     1 |     2 ||     3
  Eat: Meat ration       |     1 |       ||     1
